 Dungeon Crawl Stone Soup version 0.22-a0-322-g60b3cfd (webtiles) character file.

65 Kairos the Charmwright (level 4, 0/35 HPs)
             Began as a Barachi Skald on Apr 4, 2018.
             Slain by an orc wizard
             ... wielding a cursed +0 dagger
              (5 damage)
             ... on level 3 of the Dungeon.
             The game lasted 00:02:59 (2009 turns).

Kairos the Charmwright (Barachi Skald)              Turns: 2009, Time: 00:02:59

Health: 0/35       AC:  5    Str: 12    XL:     4   Next: 13%
Magic:  5/7        EV: 12    Int: 14    God:
Gold:   113        SH:  0    Dex: 12    Spells: 6/7 levels left

rFire    . . .     SeeInvis .   a - +0 falchion
rCold    . . .     Gourm    .   (no shield)
rNeg     . . .     Faith    .   b - +0 leather armour
rPois    .         Spirit   .   (no helmet)
rElec    .         Reflect  .   (no cloak)
rCorr    .         Harm     .   g - +0 pair of gloves
MR       .....                  e - +0 pair of boots (curse)
Stlth    +.........             (no amulet)
HPRegen  0.11/turn              (no ring)
MPRegen  0.10/turn              (no ring)

@: infused, slow
A: +LOS, swims, slowness 1, strong legs 1
a: Hop


You were on level 3 of the Dungeon.
You were not hungry.

You visited 1 branch of the dungeon, and saw 3 of its levels.

You collected 113 gold pieces.

Inventory:

Hand Weapons
 a - a +0 falchion (weapon)
Armour
 b - a +0 leather armour (worn)
 e - a cursed +0 pair of boots (worn)
 g - a +0 pair of gloves (worn)
 k - a +0 pair of boots of stealth
Scrolls
 f - 3 scrolls of teleportation
 m - a scroll of noise {unknown}
 n - a scroll of remove curse {unknown}
Potions
 c - a potion of heal wounds {unknown}
 h - 3 potions of brilliance {unknown}
 i - 2 potions of lignification {unknown}
 j - 3 potions of curing {unknown}
 l - a potion of agility {unknown}
 o - a potion of berserk rage {unknown}
Comestibles
 d - 2 rations


   Skills:
 + Level 3.2 Fighting
 + Level 3.6 Long Blades
 + Level 1.8 Armour
 + Level 2.4 Dodging
 + Level 2.4 Spellcasting
 + Level 3.7 Charms


You had 6 spell levels left.
You knew the following spells:

 Your Spells              Type           Power        Failure   Level  Hunger
a - Infusion              Chrm           ##..         6%          1    #......


Dungeon Overview and Level Annotations

Branches:
Dungeon (3/15)

Altars:
Ashenzari
Wu Jian


Innate Abilities, Weirdness & Mutations

Shadows flee at your approach. (+LOS)
You can swim through water.
You cover ground slowly.
You can hop short distances.


Message History

The orc wizard mumbles some strange words.
The orc wizard blinks!
You closely miss the orc. The orc barely misses you.
You hit the orc but do no damage. The orc hits you with a hand axe.
You barely miss the orc. The orc hits you with a hand axe!
You hit the orc.
The orc is heavily wounded.
You barely miss the orc wizard.
The orc wizard is moderately wounded.
The orc wizard completely misses you.
You hit the orc wizard!
The orc wizard is almost dead.
The orc wizard hits you with a dagger.
* * * LOW HITPOINT WARNING * * *
The orc wizard hits you with a dagger.
* * * LOW HITPOINT WARNING * * *
You barely miss the orc wizard.
The orc wizard is almost dead.
The orc wizard hits you with a dagger.
You die...

...............#
#.##.
###.....#######
#.# . ##...##
#.# ##.## #.#
#.# ...
#.######.# #.#
#........# #.#
#)######## #@#
#o# ........o#
#(...##### ##.


You could see an orc wizard and an orc.

Vanquished Creatures
  2 adders (D:2)
  2 oozes (D:1)
  3 worms
  A leopard gecko (D:1)
  An orc (D:3)
  6 bats (D:1)
  A giant cockroach (D:1)
  2 goblins
  2 hobgoblins (D:1)
  4 frilled lizards (D:1)
  6 kobolds (D:1)
  A rat (D:2)
31 creatures vanquished.

Notes
Turn   | Place    | Note
-------+----------+-------------------------------------------
     0 | D:1      | Kairos the Barachi Skald began the quest for the Orb.
     0 | D:1      | Reached XP level 1. HP: 17/17 MP: 3/3
   218 | D:1      | Reached XP level 2. HP: 16/23 MP: 5/5
   553 | D:1      | Reached XP level 3. HP: 19/28 MP: 6/6
   872 | D:2      | Found a shattered altar of Ashenzari.
   943 | D:2      | HP: 1/28 [worm (8)]
  1681 | D:2      | Found an ornate altar of the Wu Jian Council.
  1720 | D:2      | Reached XP level 4. HP: 30/35 MP: 7/7
  2009 | D:3      | Slain by an orc wizard

Vault maps used:
D:1:      ncdulo_watergridlock, minmay_pentomino_o2
D:2:      marbit_many_paths, old_standard_altar
D:3:      lemuel_round_altar, first_ration

Skill      XL: |  1  2  3 |
---------------+----------+-----
Long Blades    | 3 |  3.6
Fighting       | 3 |  3.2
Armour         | |  1.8
Dodging        | |  2.4
Spellcasting   | |  2.4
Charms         | |  3.7

Action                   |  1- 3 |  4- 6 || total
-------------------------+-------+-------++-------
Melee: Falchion          |   104 |    28 ||   132
 Cast: Infusion          |     3 |     1 ||     4
  Use: Scroll            |     1 |       ||     1
  Eat: Ration            |     1 |       ||     1
       Chunk             |     1 |       ||     1
Armor: Leather armour    |    37 |     9 ||    46
Dodge: Dodged            |    79 |    12 ||    91
       Rpst.: Falchion   |    26 |     4 ||    30

Table legend:
 A = Spawn XP
 B = Non-spawn XP
 C = Spawn XP percentage of total XP
 D = Spawn monster count
 E = Non-spawn monster count
 F = Spawn count percentage of total count
 G = Total turns spent on level
                    A         B        C        D         E        F      G
               +---------+---------+-------+---------+---------+-------+---------
         Total |       0 |      93 |   0.0 |       0 |      31 |   0.0 |  2009
               +---------+---------+-------+---------+---------+-------+---------
           D:1 |       0 |      45 |   0.0 |       0 |      23 |   0.0 |   800
           D:2 |       0 |      40 |   0.0 |       0 |       6 |   0.0 |  1143
           D:3 |       0 |       8 |   0.0 |       0 |       2 |   0.0 |    66
               +---------+---------+-------+---------+---------+-------+---------
